 Dungeon Crawl Stone Soup version 0.30-a0-778-g2ef04afb54 (webtiles) character file.

Game seed: 17510866794680136682

2753 bande the Cleaver (level 9, -1/55 HPs)
             Began as a Gargoyle Fighter on Feb 16, 2023.
             Was an Initiate of Okawaru.
             Slain by an orc warrior
             ... wielding a +0 scimitar
              (7 damage)
             ... on level 8 of the Dungeon.
             The game lasted 00:12:27 (7405 turns).

bande the Cleaver (Gargoyle Fighter)                Turns: 7405, Time: 00:12:27

Health: -1/55      AC: 20    Str: 21    XL:     9   Next: 68%
Magic:  9/9        EV:  7    Int:  8    God:    Okawaru [......]
Gold:   425        SH:  5    Dex: 13    Spells: 8/8 levels left

rFire   . . .      SeeInvis +    a - +0 war axe
rCold   . . .      Faith    .    c - +0 buckler
rNeg    + . .      Spirit   .    s - +0 chain mail
rPois   ∞          Reflect  .    (no helmet)
rElec   +          Harm     .    z - +2 cloak {rCorr}
rCorr   +          Rampage  .    (no gloves)
Will    .....                    (no boots) Stlth
                                 (no amulet)
HPRegen 0.29/turn                h - ring of see invisible
MPRegen 0.11/turn                (no ring)

@: mighty
A: sickness immunity, AC +6, negative energy resistance 1, electricity
resistance, torment resistance 1, petrification resistance
a: Renounce Religion


You were on level 8 of the Dungeon.
You worshipped Okawaru.
Okawaru was noncommittal.
You visited 2 branches of the dungeon, and saw 9 of its levels.

You collected 425 gold pieces.

Inventory:

Hand Weapons
 a - a +0 war axe (weapon)
 b - a +0 flail
 l - a +0 war axe
 A - a +1 heavy mace
 J - a +2 long sword of flaming
Missiles
 t - 3 throwing nets (quivered)
Armour
 c - a +0 buckler (worn)
 s - a +0 chain mail (worn)
 z - a +2 cloak of preservation (worn)
Jewellery
 h - a ring of see invisible (left hand)
 y - a +6 ring of intelligence
 B - a ring of ice
 F - a ring of resist corrosion
Wands
 u - a wand of acid (5)
 D - a wand of flame (25)
 H - a wand of iceblast (10)
Scrolls
 e - 7 scrolls of identify
 j - a scroll of fog
 m - 3 scrolls of vulnerability {unknown}
 n - 3 scrolls of immolation {unknown}
 r - 3 scrolls of enchant armour {unknown}
 v - a scroll of blinking {unknown}
 w - a scroll of fear {unknown}
 E - a scroll of enchant weapon {unknown}
Potions
 d - a potion of might
 f - a potion of heal wounds
 g - a potion of berserk rage {unknown}
 i - 2 potions of brilliance {unknown}
 o - a potion of flight {unknown}
 p - a potion of resistance {unknown}
 q - 2 potions of curing
 x - a potion of attraction {unknown}
 C - a potion of haste {unknown}
 G - a potion of mutation {unknown}
 I - a potion of ambrosia {unknown}


   Skills:
 + Level 6.1 Fighting
 + Level 8.1 Axes
 + Level 6.5 Armour
 + Level 5.7 Shields
 * Level 1.2 Invocations
 * Level 4.1 Evocations


You had 8 spell levels left.
You didn't know any spells.
Your spell library was empty.

Dungeon Overview and Level Annotations

Branches:
Dungeon (8/15)             Temple (1/1) D:7
   Lair: D:8-11

Altars:
Ashenzari
Cheibriados
Dithmenos
Elyvilon
Fedhas
Gozag
Hepliaklqana
Kikubaaqudgha
Makhleb
Okawaru
Qazlal
Trog
Uskayaw
Vehumet
Wu Jian
Yredelemnul
Zin
The Shining One

Shops:
D:2 [[!((   D:5 [   D:6 (


Innate Abilities, Weirdness & Mutations

You are immune to sickness and miasma.
Your stone body is resilient. (AC +6)
You are immune to poison.
You resist negative energy. (rN+)
You are resistant to electric shocks. (rElec)
You are resistant to unholy torment.
You are immune to petrification.


Message History

The orc warrior is heavily wounded.
You hit the orc wizard. You closely miss the orc wizard.
The goblin hits you but does no damage. x2; The goblin barely misses you.
You block the orc warrior's attack.
The orc wizard mumbles some strange words.
The orc wizard flickers and vanishes for a moment.
The orc wizard barely misses you. The goblin hits you but does no damage.
Unknown command.
You hit the orc warrior but do no damage.
The orc warrior is heavily wounded.
You hit the orc wizard. You miss the orc wizard. You block the goblin's attack.
The goblin hits you but does no damage. You block the orc warrior's attack.
The orc wizard hits you but does no damage. x2
The goblin hits you but does no damage.
Unknown command.
You feel much better. The goblin barely misses you.
You block the goblin's attack.
The orc warrior hits you but does no damage.
The orc wizard hits you but does no damage.
The goblin closely misses you.
You feel very mighty all of a sudden. The goblin closely misses you.
You block the goblin's attack.
The orc warrior hits you but does no damage.
The orc wizard hits you with a +0 dagger.
The orc priest invokes the aid of Beogh against you.
Beogh smites you!
* * * LOW HITPOINT WARNING * * *
You block the orc wizard's attack.
The goblin hits you from afar with a +0 spear.
* * * LOW HITPOINT WARNING * * *
A goblin comes into view. It is wielding a +0 spear.
Unknown command.
The goblin shouts!
You slash the orc warrior!
The orc warrior is severely wounded.
You hit the orc wizard. You hit the orc. You closely miss the orc wizard.
You hit the orc priest. You block the goblin's attack.
The goblin hits you but does no damage.
The orc warrior hits you with a +0 scimitar!
You die...

##.............#* **,,
***#......g........*****,,,
*,,...<............**,,,,*,
*,,#...=...........*,,,,,,~
**,#...............,,,,,~~~
*,#..............$,,,,~~~,
**,.......ggg....>.,****~**
**,,*#....oo)......#** ****
****,,**#....o@o......#
**,,,,** #.#####o##.####
*,,**** *,#####.#*.# *,**
*,,...#.##.# *,*
****#.#.#..# **** **,*
#.....#* *,,, *,,* ##...##
*,** ,,************#....#
*,,* ,**,,*,**,,*,*#...##
**,,


You could see an orc warrior, an orc priest, 2 orc wizards, an orc and 4
goblins.

Vanquished Creatures
  Maggie (D:7)
  Menkaure (D:7)
  A sky beast (D:8)
  An ice beast (D:8)
  2 black bears
  2 ogres (D:4)
  2 centaurs (D:7)
  A phantom (D:4)
  A kobold brigand (D:6)
  A necrophage (D:5)
  A bullfrog (D:6)
  A scorpion (D:5)
  15 wights
  3 jellies (D:5)
  3 orc priests (D:7)
  A hound (D:3)
  Crazy Yiuf (D:4)
  4 iguanas
  2 orc wizards
  4 gnolls
  6 adders
  A shadow imp (D:6)
  A worm (D:4)
  23 orcs
  9 endoplasms
  5 giant cockroaches
  4 hobgoblins
  3 jackals (D:1)
  4 quokkas
  5 ball pythons
  9 bats
  5 frilled lizards
  17 goblins
  18 kobolds
  9 rats
167 creatures vanquished.

Vanquished Creatures (others)
  An orc wizard (D:7)
1 creature vanquished.

Grand Total: 168 creatures vanquished

Notes
Turn   | Place    | Note
-------+----------+-------------------------------------------
     0 | D:1      | bande the Gargoyle Fighter began the quest for the Orb.
     0 | D:1      | Reached XP level 1. HP: 14/14 MP: 1/1
   176 | D:1      | Reached XP level 2. HP: 17/19 MP: 2/2
   343 | D:1      | Reached skill level 2 in Axes
   448 | D:1      | Reached XP level 3. HP: 23/23 MP: 3/3
   807 | D:2      | Found Zaupha's Armour Shop.
   826 | D:2      | Found Fepisupn's Antique Armour Boutique.
   837 | D:2      | Found Mevvop's Distillery.
   846 | D:2      | Found Goil's Antique Weapon Shop.
  1081 | D:2      | Found Wivyem's Weapon Shoppe.
  1193 | D:2      | Reached XP level 4. HP: 29/29 MP: 4/4
  2033 | D:3      | Found a glowing golden altar of the Shining One.
  2257 | D:3      | Reached skill level 3 in Axes
  2309 | D:3      | Found a faded altar of an unknown god.
  2690 | D:4      | Noticed a phantom
  2697 | D:3      | Reached XP level 5. HP: 16/33 MP: 5/5
  2911 | D:4      | Killed a phantom
  2912 | D:4      | Reached skill level 4 in Axes
  2912 | D:4      | Reached XP level 6. HP: 22/38 MP: 6/6
  3265 | D:4      | Found a shadowy altar of Dithmenos.
  3346 | D:4      | Reached XP level 7. HP: 44/44 MP: 7/7
  3377 | D:4      | Found a runed translucent door.
  3378 | D:4      | Noticed Crazy Yiuf
  3420 | D:4      | Found a stormy altar of Qazlal.
  3466 | D:4      | Found a white marble altar of Elyvilon.
  3601 | D:4      | Found a radiant altar of Vehumet.
  3782 | D:4      | Killed Crazy Yiuf
  3915 | D:5      | Entered Level 5 of the Dungeon
  3927 | D:5      | Reached skill level 5 in Axes
  4082 | D:5      | Reached skill level 1 in Evocations
  4267 | D:5      | Found Diylet's Antique Armour Shoppe.
  4378 | D:5      | Reached skill level 5 in Armour
  4569 | D:5      | Found a hide-covered altar of Uskayaw.
  4915 | D:6      | Found Awkoumud's Antique Weapon Emporium.
  4930 | D:6      | Reached XP level 8. HP: 35/48 MP: 8/8
  4994 | D:6      | Found an ancient bone altar of Kikubaaqudgha.
  5194 | D:6      | Reached skill level 5 in Fighting
  5216 | D:6      | Reached skill level 6 in Axes
  5248 | D:6      | Found a snail-covered altar of Cheibriados.
  5258 | D:6      | Reached skill level 5 in Shields
  6108 | D:7      | Noticed Menkaure
  6116 | D:7      | Killed Menkaure
  6117 | D:7      | Reached skill level 7 in Axes
  6117 | D:7      | Reached XP level 9. HP: 35/54 MP: 9/9
  6360 | D:7      | Noticed Maggie
  6371 | D:7      | Killed Maggie
  7047 | D:7      | Found a burning altar of Makhleb.
  7115 | D:7      | Found a staircase to the Ecumenical Temple.
  7124 | Temple   | Entered the Ecumenical Temple
  7156 | Temple   | Became a worshipper of Warmaster Okawaru
  7326 | D:8      | Reached skill level 8 in Axes
  7345 | D:8      | Reached skill level 1 in Invocations
  7405 | D:8      | Slain by an orc warrior

Illustrated notes

Levels and vault maps discovered:
D:1:      psy_arrival_dodecagon, layout_basic
D:2:      wad_river_or_something, layout_loops_ring, serial_shops,
          nicolae_shop_advertising_works [nicolae_subvault_shop_adworks],
          nicolae_shop_hallway_stairs, shop, nicolae_shop_bloodbath_and_beyond,
          shop, minmay_misc_feat_pillars
D:3:      layout_loops_corners, mainiacjoe_overflow_surrounded_room,
          hellmonk_ecumenical_altar_run_dry
D:4:      layout_basic, nicolae_vehumet_radiance, grunt_dithmenos_smoke,
          mainiacjoe_overflow_two_lobes, uniq_crazy_yiuf_cottage
D:5:      layout_basic, mainiacjoe_overflow_boulevard, serial_shops,
          nicolae_shop_statue_plus
D:6:      layout_rooms, mainiacjoe_overflow_chevrons,
          mainiacjoe_overflow_alcove_1, serial_shops, shop_fountains,
          hangedman_glass_teeth
D:7:      layout_gridville, lemuel_coloured_pillars_altar,
          minmay_temple_entry_glassed_door, uniq_menkaure, uniq_maggie
D:8:      layout_rooms, enter_bailey_3, nicolae_eternal_life,
          grunt_ministairs_10, chequers_serial_rivers_small_a, uniq_pikel,
          uniq_maurice
Temple:   ebering_untended_altars

Skill      XL: |  1  2  3  4  5  6  7  8  9 |
---------------+----------------------------+-----
Axes           | 2 3 4 5 7 8 |  8.1
Shields        | 4 5 |  5.7
Fighting       | 4 5 6 |  6.1
Armour         | 4 5 6 |  6.5
Evocations     | 1 3 4 |  4.1
Invocations    | 1 |  1.2

Action                     |  1- 3 |  4- 6 |  7- 9 || total
---------------------------+-------+-------+-------++-------
  Melee: War axe           |   143 |   142 |   276 ||   561
    Use: Scroll            |       |       |     3 ||     3
         Potion            |       |       |     3 ||     3
 Armour: Scale mail        |   102 |    41 |       ||   143
         Chain mail        |       |    40 |   263 ||   303
  Dodge: Dodged            |    67 |    63 |   127 ||   257
  Block: Buckler           |    45 |    31 |   107 ||   183

Table legend: (Time is in decaauts)
 A = Elapsed time spent in this place.
 B = Non-inter-level travel time spent in this place.
 C = Inter-level travel time spent in this place.
 D = Time resting spent in this place.
 E = Time spent auto-exploring this place.
 F = Levels seen in this place.
 G = Mean time per level.
                   A        B        C        D        E       F      G
               +--------+--------+--------+--------+--------+-----+--------+
         Total |   7585 |   7333 |    252 |   1077 |   4786 |   9 |  842.8 |
       Dungeon |   7535 |   7283 |    252 |   1077 |   4771 |   8 |  941.9 |
        Temple |     49 |     49 |      0 |      0 |     15 |   1 |   49.0 |
               +--------+--------+--------+--------+--------+-----+--------+

Top non-repeatable levels by time:
     D:7: 1557 daAuts
     D:3: 1304 daAuts
     D:5: 1019 daAuts
     D:2: 1010 daAuts
     D:4: 874 daAuts
     D:1: 848 daAuts
     D:6: 809 daAuts
     D:8: 111 daAuts
  Temple: 49 daAuts
